 Dungeon Crawl Stone Soup version 0.31-a0-1074-g0b22e4e0f1 (webtiles) character file.

Game seed: 3063398839850872168

19708 drugrobin the Bludgeoner (level 12, -2/101 HPs)
             Began as a Demigod Delver on Dec 7, 2023.
             Slain by a blink frog (13 damage)
             ... on level 2 of the Lair of Beasts.
             The game lasted 00:37:03 (16094 turns).

drugrobin the Bludgeoner (Demigod Delver)          Turns: 16094, Time: 00:37:04

Health: -2/101     AC: 12    Str: 25    XL:     12   Next: 11%
Magic:  15/15      EV:  9    Int: 16    God:
Gold:   671        SH: 10    Dex: 15    Spells: 11/11 levels left

rFire   . . .        c - +5 war axe
rCold   . . .        R - +0 kite shield
rNeg    . . .        S - +3 scale mail
rPois   .            (no helmet)
rElec   .            (no cloak)
rCorr   .            i - +1 pair of gloves
SInv    .            (no boots)
Will    ++...        t - amulet of the acrobat
Stlth   +            h - +4 ring of slaying
HPRegen 0.36/turn    l - ring of willpower
MPRegen 0.14/turn

%: acrobat
@: no status effects
A: high MP 1, forlorn, divine attributes
a: no special abilities


You were on level 2 of the Lair of Beasts.
You visited 2 branches of the dungeon, and saw 12 of its levels.

You collected 671 gold pieces.

Inventory:

Hand Weapons
 a - a +1 heavy morningstar
 b - a +0 morningstar
 c - a +5 war axe (weapon)
 d - a +1 dagger of venom
Missiles
 C - 23 poisoned darts
 F - 11 javelins (quivered)
Armour
 i - a +1 pair of gloves (worn)
 R - a +0 kite shield (worn)
 S - a +3 scale mail (worn)
Magical Staves
 A - a staff of cold
Jewellery
 h - a +4 ring of slaying (left hand)
 l - a ring of willpower (right hand)
 t - an amulet of the acrobat (around neck)
 z - a ring of magical power
 K - a ring of flight
Talismans
 e - a granite talisman
Wands
 j - a wand of acid (10)
 y - a wand of flame (10)
 G - a wand of digging (3)
Scrolls
 g - 2 scrolls of fog
 k - a scroll of identify
 n - 6 scrolls of immolation
 o - a scroll of summoning
 s - a scroll of brand weapon
 D - 3 scrolls of teleportation
 J - 2 scrolls of enchant weapon
 L - 3 scrolls of revelation
 O - 3 scrolls of fear
Potions
 f - 5 potions of haste
 m - 3 potions of mutation {unknown}
 q - 3 potions of heal wounds {unknown}
 v - a potion of invisibility {unknown}
 w - 3 potions of lignification
 x - 4 potions of curing
 B - a potion of might {unknown}
 E - a potion of cancellation {unknown}
 H - a potion of degeneration {unknown}
 N - a potion of berserk rage {unknown}
 P - 2 potions of brilliance {unknown}


   Skills:
 + Level 8.0 Fighting
 * Level 15.7 Maces & Flails
 - Level 4.6 Armour
 - Level 1.7 Dodging
 - Level 4.5 Stealth
 + Level 5.5 Shields


You had 11 spell levels left.
You didn't know any spells.
Your spell library contained the following spells:

 Spells                   Type           Power      Damage    Failure   Level
 Gell's Gravitas          Tloc           0%         N/A       98%         3
 Hailstorm                Conj/Ice       0%         3d3       98%         3
 Inner Flame              Hex/Fire       0%         N/A       98%         3
 Teleport Other           Tloc           0%         N/A       98%         3
 Summon Ice Beast         Ice/Summ       0%         N/A       100%        4
 Yara's Violent Unravell  Hex/Tmut       0%         3d3       100%        5
 Dispersal                Tloc           0%         N/A       100%        6
 Simulacrum               Ice/Necr       0%         N/A       100%        6
 Enfeeble                 Hex            0%         N/A       100%        7


Dungeon Overview and Level Annotations

Branches:
Dungeon (10/15)            Temple (0/1) D:5            Lair (2/5) D:9
  Swamp: Lair:2-3    Shoals: Lair:2-3     Snake: Lair:2-3    Spider: Lair:2-3
    Orc: D:9-12

Shops:
D:5 [   D:6 *   D:7 ??(:

Annotations:
Lair:2 3 runed translucent doors, PowderKeg's ghost, journeyman DEHu


Innate Abilities, Weirdness & Mutations

You have an increased reservoir of magic. (+10% MP)
You shall have no god before yourself.
Your divine heritage dramatically boosts your attributes as you level up.


Message History

Press: ? - help, Dir - move target, f - blink frog
Aim: a blink frog (lightly wounded, about 41% to evade your +5 war axe)
Okay, then.
Unknown command.
As you read the scroll of fear, it crumbles to dust.
You assume a fearsome visage.
The black mamba looks frightened!
The blink frog looks frightened!
The wolf looks frightened!
* * * LOW HITPOINT WARNING * * *
You feel sick.
A nearby fungus withers and dies.
The blink frog blinks! x2
Unknown command.
Unknown command.
You feel better.
The blink frog blinks!
Throw: 25 darts (poison)
Press: ? - help, Shift-Dir - straight line, f - wolf
Aim: a wolf (almost dead, fleeing, 50% to hit)
You throw a poisoned dart.
The poisoned dart closely misses the wolf.
The blink frog blinks! x2
Unknown command.
Unknown command.
Unknown command.
Throw: 24 darts (poison)
Press: ? - help, Shift-Dir - straight line, f/p - wolf
Aim: a wolf (almost dead, fleeing, 50% to hit)
You throw a poisoned dart.
The poisoned dart closely misses the wolf.
The blink frog blinks!
Unknown command.
Unknown command.
Unknown command.
Unknown command.
Unknown command.
The blink frog blinks!
Cornered, the black mamba turns to fight!
The blink frog blinks!
You climb downwards.
Level annotation: 3 runed translucent doors, PowderKeg's ghost, journeyman DEHu You block the wolf's attack.
You block the blink frog's attack. The blink frog hits you!
You die...

#.†.# #.#...... ###.>.#
#.### ##..P...## #.... ##..#
#.##... #...#
#.#...#######+.# . #...#.
#........#P...###.. #....#.
#.............⌠.?... #...##.
##..........#......# #...#..
#..........##......##...#...
#..........h@h# ....#....
#..........FF...#
..⌠...#....
#...........F...#
...........
................#
⌠...⌠......
......>................#....
..................⌠........
..........$..........##..#
.........##...##.......#
###.....#


You could see 3 blink frogs and 2 wolves.

Vanquished Creatures
  5 death yaks
  2 two-headed ogres
  Erica (D:9)
  Joseph (D:7)
  3 black mambas (Lair:2)
  5 cane toads
  Maggie (D:10)
  6 blink frogs
  6 hornets
  Sigmund (D:3)
  A shadow (D:9)
  2 wraiths (D:10)
  18 yaks
  5 wyverns
  A steam dragon (Lair:1)
  11 water moccasins
  5 orc warriors
  3 sky beasts
  2 black bears
  2 ice beasts
  5 centaurs
  2 phantoms
  2 kobold brigands
  7 bullfrogs
  2 gnoll sergeants (D:10)
  3 scorpions
  16 wights
  6 howler monkeys
  2 jellies
  7 orc priests
  4 hounds
  10 orc wizards
  4 sleepcaps
  Terence (D:2)
  15 gnolls
  12 adders
  A shadow imp (D:6)
  A white imp (D:5)
  2 ufetubi (D:5)
  3 worms
  A dart slug (D:1)
  49 orcs
  7 ball pythons
  3 endoplasms
  3 giant cockroaches
  6 hobgoblins
  4 jackals (D:1)
  3 quokkas
  3 bats
  2 frilled lizards
  6 goblins
  21 kobolds
  7 rats
301 creatures vanquished.

Notes
Turn   | Place    | Note
-------+----------+-------------------------------------------
     0 | D:5      | drugrobin the Demigod Delver began the quest for the Orb.
     0 | D:5      | Reached XP level 1. HP: 18/18 MP: 3/3
     1 | D:5      | Noticed a howler monkey
   107 | D:5      | Noticed an ogre
   169 | D:4      | Reached skill level 2 in Maces & Flails
   252 | D:4      | Reached XP level 2. HP: 25/25 MP: 4/4
   292 | D:3      | Noticed Sigmund
   314 | D:4      | Reached skill level 3 in Maces & Flails
   475 | D:4      | Noticed a scorpion
   614 | D:2      | Reached XP level 3. HP: 30/30 MP: 5/5
  1872 | D:2      | Reached skill level 4 in Maces & Flails
  1992 | D:2      | Reached XP level 4. HP: 37/37 MP: 6/6
  2079 | D:2      | Noticed Terence
  2089 | D:2      | Killed Terence
  2669 | D:3      | Reached skill level 5 in Maces & Flails
  2669 | D:3      | Reached XP level 5. HP: 29/42 MP: 7/7
  2995 | D:3      | Killed Sigmund
  2996 | D:3      | Reached skill level 6 in Maces & Flails
  2996 | D:3      | Reached XP level 6. HP: 42/50 MP: 8/8
  4141 | D:5      | Reached skill level 7 in Maces & Flails
  4235 | D:4      | Reached XP level 7. HP: 40/56 MP: 9/9
  4684 | D:5      | Reached skill level 8 in Maces & Flails
  4883 | D:5      | Found a staircase to the Ecumenical Temple.
  4907 | D:5      | Found Liuful's Armour Boutique.
  4908 | D:5      | Identified the +1 dagger "Qiulaich" {freeze, rN+ rCorr}
  5229 | D:5      | Reached skill level 9 in Maces & Flails
  5574 | D:6      | Reached XP level 8. HP: 50/62 MP: 10/10
  5774 | D:5      | Reached skill level 10 in Maces & Flails
  5881 | D:6      | Found Akhuo's Assorted Antiques.
  6322 | D:6      | Reached skill level 11 in Maces & Flails
  7112 | D:7      | Reached XP level 9. HP: 65/68 MP: 11/11
  7407 | D:7      | Reached skill level 12 in Maces & Flails
  7535 | D:7      | Paralysed by a hornet for 1 turns
  7536 | D:7      | HP: 1/68 [poisoned by a hornet]
  7537 | D:7      | Reached skill level 1 in Armour
  7910 | D:7      | Found Jeawkud's Weapon Emporium.
  7947 | D:7      | Found Hegruh's Book Shop.
  7951 | D:7      | Noticed Joseph
  8000 | D:7      | Killed Joseph
  8344 | D:7      | Found Boxzog's Magic Scroll Shoppe.
  8567 | D:7      | Found Etunne's Magic Scroll Emporium.
  9653 | D:8      | Reached XP level 10. HP: 67/80 MP: 13/13
 10083 | D:9      | Reached skill level 13 in Maces & Flails
 10111 | D:9      | Noticed a death yak
 10160 | D:9      | Killed a death yak
 10422 | D:9      | Noticed Erica
 10435 | D:10     | Entered Level 10 of the Dungeon
 10462 | D:10     | Reached skill level 5 in Fighting
 10655 | D:10     | Noticed Maggie
 10678 | D:10     | Killed Maggie
 11422 | D:9      | Killed Erica
 11423 | D:9      | Reached skill level 1 in Shields
 11549 | D:9      | Noticed a death yak
 11569 | D:9      | Killed a death yak
 11570 | D:9      | Reached skill level 14 in Maces & Flails
 11667 | D:9      | Noticed a death yak
 11689 | D:9      | Killed a death yak
 11762 | D:9      | Found a staircase to the Lair.
 11773 | D:9      | Noticed a death yak
 11774 | D:9      | Noticed a death yak
 11824 | D:10     | Killed a death yak
 11825 | D:10     | Reached XP level 11. HP: 22/89 MP: 14/14
 12024 | D:9      | Killed a death yak
 12304 | D:9      | Noticed a two-headed ogre
 12325 | D:9      | Killed a two-headed ogre
 12492 | D:10     | Noticed a two-headed ogre
 12500 | D:10     | Killed a two-headed ogre
 12778 | Lair:1   | Entered Level 1 of the Lair of Beasts
 14040 | Lair:2   | Found a runed translucent gate.
 14040 | Lair:2   | Found a runed translucent gate.
 14040 | Lair:2   | Found a runed translucent gate.
 14050 | Lair:1   | Reached skill level 15 in Maces & Flails
 15158 | Lair:2   | Reached skill level 5 in Shields
 15189 | Lair:2   | Noticed PowderKeg's ghost (journeyman DEHu)
 15264 | Lair:2   | HP: 4/94 [poisoned by a black mamba]
 15539 | Lair:2   | Reached XP level 12. HP: 68/101 MP: 15/15
 16088 | Lair:1   | HP: 3/101 [wolf (6)]
 16089 | Lair:1   | HP: 1/101 [poisoned by a black mamba]
 16094 | Lair:2   | Slain by a blink frog

Illustrated notes

Levels and vault maps discovered:
D:1:      onia_arrival_mini_maze_b, layout_loops_corners
D:2:      layout_loops_ring, chequers_avenue, uniq_terence
D:3:      layout_loops_ring, uniq_sigmund
D:4:      layout_basic, gammafunk_temple_overflow_forgotten,
          kennysheep_cross_room, kennysheep_generic_room_15
D:5:      layout_cave_pools, minmay_temple_entry_proselytizer, serial_shops,
          shop, dk_noncrumbling_3
D:6:      layout_cave_pools, grunt_temple_overflow_growth_and_decay,
          nicolae_tso_swordbearing_angel, nicolae_take_the_stairs,
          minmay_misc_feat_encased
D:7:      nicolae_cairo_tiling_large, layout_loops_ring, slow_altar_1,
          kennysheep_little_box, grunt_temple_overflow_open, serial_shops, shop,
          nicolae_shop_rolled_up, nicolae_inconvenience_store,
          nicolae_shop_tiny_glass, uniq_joseph
D:8:      layout_basic, special_room [special_room_orc]
D:9:      layout_roguey, dpeg_lair_monsters, uniq_erica
D:10:     layout_roguey, mainiacjoe_overflow_brackets, uniq_maggie
Lair:1:   layout_cave_pods
Lair:2:   layout_cave_pods, minmay_snake_entry_six_corridors,
          gammafunk_ghost_icy, dreamdust_wasp_nest, infiniplex_staircase_pool_2,
          grunt_megastairs_4

Skill      XL: |  1  2  3  4  5  6  7  8  9 10 11 12 |
---------------+-------------------------------------+-----
Maces & Flails | 2 3 4 5 6 7 9 11 12 14 15 | 15.7
Fighting       | 4 6 7 8 |  8.0
Armour         | 3 4 |  4.6
Shields        | 2 5 |  5.5
Dodging        | |  1.7
Stealth        | |  4.5

Action                     |  1- 3 |  4- 6 |  7- 9 | 10-12 || total
---------------------------+-------+-------+-------+-------++-------
  Melee: Mace              |     8 |       |     3 |     2 ||    13
         Flail             |    85 |    92 |   270 |       ||   447
         Punch             |     1 |     1 |     9 |       ||    11
         Spear             |       |       |    14 |       ||    14
         War axe           |       |       |    14 |     3 ||    17
         Morningstar       |       |       |    98 |   303 ||   401
         Staff             |       |       |    10 |       ||    10
         Dagger            |       |       |       |     3 ||     3
   Fire: Orcbow            |       |       |    37 |     2 ||    39
  Throw: Javelin           |       |     4 |     5 |     5 ||    14
         Dart              |       |       |     2 |    26 ||    28
         Throwing net      |       |       |       |     2 ||     2
  Evoke: Wand              |       |     2 |     4 |     4 ||    10
    Use: Potion            |       |       |     1 |     2 ||     3
         Scroll            |       |       |       |    10 ||    10
   Stab: Sleeping          |     5 |       |       |       ||     5
         Held in net/web   |       |       |       |     1 ||     1
 Armour: Leather armour    |    18 |       |       |       ||    18
         Chain mail        |    43 |    73 |   254 |       ||   370
         Plate armour      |       |       |    55 |    74 ||   129
         Scale mail        |       |       |       |   166 ||   166
  Dodge: Dodged            |    55 |    46 |   163 |   121 ||   385
  Block: Kite shield       |       |       |       |   103 ||   103

Table legend: (Time is in decaauts)
 A = Elapsed time spent in this place.
 B = Non-inter-level travel time spent in this place.
 C = Inter-level travel time spent in this place.
 D = Time resting spent in this place.
 E = Time spent auto-exploring this place.
 F = Levels seen in this place.
 G = Mean time per level.
                   A        B        C        D        E       F      G
               +--------+--------+--------+--------+--------+-----+--------+
         Total |  16205 |  15691 |    514 |   4599 |   7516 |  12 | 1350.4 |
       Dungeon |  12848 |  12343 |    505 |   3303 |   6082 |  10 | 1284.8 |
          Lair |   3356 |   3347 |      9 |   1295 |   1434 |   2 | 1678.0 |
               +--------+--------+--------+--------+--------+-----+--------+

Top non-repeatable levels by time:
  Lair:1: 1883 daAuts
     D:5: 1713 daAuts
     D:9: 1637 daAuts
  Lair:2: 1473 daAuts
     D:7: 1443 daAuts
    D:10: 1355 daAuts
     D:4: 1277 daAuts
     D:8: 1215 daAuts
     D:2: 1169 daAuts
     D:6: 1041 daAuts
     D:1: 1002 daAuts
     D:3: 991 daAuts
